 Dungeon Crawl Stone Soup version 0.31.0-32-g396128a36d (webtiles) character file.

Game seed: 11164354755362210003

49 YoMomma the Cudgeller (level 3, -2/36 HPs)
             Began as a Troll Berserker on Apr 12, 2024.
             Was a Believer of Trog.
             Killed from afar by Sigmund (8 damage)
             ... with a magic dart
             ... on level 2 of the Dungeon.
             The game lasted 00:01:26 (776 turns).

YoMomma the Cudgeller (Troll Berserker)              Turns: 776, Time: 00:01:26

Health: -2/36      AC:  4    Str: 25    XL:     3   Next: 53%
Magic:  2/2        EV: 10    Int:  3    God:    Trog [**....]
Gold:   63         SH:  0    Dex: 11    Spells: 2/2 levels left

rFire   . . .        a - +0 mace
rCold   . . .        (no shield)
rNeg    . . .        b - +0 animal skin
rPois   .            (helmet restricted)
rElec   .            (no cloak)
rCorr   .            (gloves unavailable)
SInv    .            (boots unavailable)
Will    .....        (no amulet)
Stlth   +            (no ring)
HPRegen 1.06/turn    (no ring)
MPRegen 0.08/turn

%: no passive effects
@: confused, on berserk cooldown, slowed, very slow
A: large, unfitting armour, claws 3, regeneration 1, shaggy fur 1, tough skin 1
a: Renounce Religion, Berserk, Trog's Hand


You were on level 2 of the Dungeon.
You worshipped Trog.
Trog was pleased with you.
You visited 1 branch of the dungeon, and saw 2 of its levels.

You collected 63 gold pieces.

Inventory:

Hand Weapons
 a - a +0 mace (weapon)
Armour
 b - a +0 animal skin (worn)
Jewellery
 k - a ring of see invisible
Scrolls
 c - 3 scrolls of teleportation {unknown}
 g - a scroll of fog {unknown}
 j - a scroll of amnesia {unknown}
Potions
 d - a potion of lignification {unknown}
 e - 2 potions of curing {unknown}
 f - a potion of brilliance {unknown}
 h - a potion of heal wounds {unknown}
 i - a potion of attraction {unknown}


   Skills:
 + Level 2.8 Fighting
 + Level 3.3 Maces & Flails
 + Level 3.0 Dodging


You had 2 spell levels left.
You didn't know any spells.
Your spell library was empty.

Dungeon Overview and Level Annotations

Branches:
Dungeon (2/15)

Altars:

Annotations:
D:2 Sigmund


Innate Abilities, Weirdness & Mutations

You are too large for most types of armour.
You have claws for hands.
Your natural rate of healing is unusually fast.
You are covered in fur. (AC +1)
You have tough skin. (AC +1)


Message History

Something hits you!
A red film seems to cover your vision as you go berserk!
You feel yourself moving faster!
You feel mighty! Something hits you!
You feel a strong urge to attack something.
You closely miss something. Something hits you.
You sock something! You miss something. Something hits you!
You barely miss something. You barely miss something.
You hear a zap.
A puff of flame appears from out of thin air!
The puff of flame hits you.
You miss something. You barely miss something.
You hear some strange, mumbled words.
A puff of flame appears from out of thin air!
The puff of flame misses you.
You miss something. Something hits you but does no damage.
You miss something. Something hits you.
You miss something. You closely miss something. Something hits you!
You closely miss something. You miss something.
You are no longer berserk.
You are exhausted.
You feel yourself slow down.
You hear some strange, mumbled words.
A puff of flame appears from out of thin air!
The puff of flame hits you.
You miss something. Something hits you.
You hit something. Something hits you.
You hit something. Something hits you!
* * * LOW HITPOINT WARNING * * *
You hear some strange, mumbled words.
You are confused.
You miss something.
You hear some strange, mumbled words.
A magic dart appears from out of thin air!
The magic dart hits you!
You die...

# . #.# #. ### ### #.#
#.##.. ..# #.#
####....########.# #.#
..............##.###.###
######.##.##.##.#.....#
#.##.##.##.#.....#
#@##.##...........
#{##.........†...#
#J########.#...... #.#
#.#.####. #.# #.#.# .
#.# #.#.# . #.. ..#.. .
#.# ##### . .


You could see an endoplasm.

Vanquished Creatures
  An adder (D:2)
  A dart slug (D:1)
  5 ball pythons
  4 endoplasms
  2 giant cockroaches
  3 hobgoblins (D:1)
  4 jackals (D:2)
  3 kobolds
  A quokka (D:2)
  6 bats
  3 frilled lizards (D:1)
  3 rats
36 creatures vanquished.

Notes
Turn   | Place    | Note
-------+----------+-------------------------------------------
     0 | D:1      | YoMomma the Troll Berserker began the quest for the Orb.
     0 | D:1      | Reached XP level 1. HP: 22/22 MP: 0/0
    76 | D:1      | Reached XP level 2. HP: 29/29 MP: 1/1
   555 | D:2      | Reached ** piety under Trog
   556 | D:2      | Reached XP level 3. HP: 35/36 MP: 2/2
   755 | D:2      | Noticed Sigmund
   776 | D:2      | Killed from afar by Sigmund

Illustrated notes

Levels and vault maps discovered:
D:1:      heliophobic_arrival_ceremonial_halls, layout_rooms, hex_intersection
D:2:      layout_loops_ring, basic_altar, uniq_natasha, uniq_sigmund

Skill      XL: |  1  2  3 |
---------------+----------+-----
Maces & Flails | 3 |  3.3
Dodging        | 3 |  3.0
Fighting       | |  2.8

Action                     || total
---------------------------++-------
  Melee: Mace              ||   125
         Punch             ||     1
 Invoke: Berserk           ||     1
 Armour: Animal skin       ||   105
  Dodge: Dodged            ||    98
